 Dungeon Crawl Stone Soup version 0.17-a0-1399-gd5b76e1 (webtiles) character file.

112 urechis the Poker (level 4, -1/33 HPs)
             Began as a Merfolk Gladiator on June 19, 2015.
             Killed from afar by an orc wizard (5 damage)
             ... with a magic dart
             ... on level 3 of the Dungeon.
             The game lasted 00:05:05 (2030 turns).

urechis the Poker (Merfolk Gladiator)               Turns: 2030, Time: 00:05:05

Health: -1/33      AC:  7    Str: 15    XL:     4   Next: 95%
Magic:  4/4        EV: 13    Int:  7    God:
Gold:   169        SH:  0    Dex: 15    Spells: 0 memorised, 3 levels left

rFire  + . .     SeeInvis .     a - +0 trident
rCold  + + .     Clarity  .     b - +0 leather armour
rNeg   . . .     SustAt   .     (no shield)
rPois  +         Gourm    .     c - +0 helmet
rElec  +         Spirit   .     r - +1 cloak {MR+}
rCorr  +         Warding  .     (no gloves)
rMut   .         Stasis   .     v - +0 pair of boots (curse)
MR     +....                    o - amulet of regeneration
Stlth  +.........               (no ring)
                                k - ring of protection from cold

@: resistant, drained, somewhat resistant to hostile enchantments, very
unstealthy
A: change form in water, swift swim
a: no special abilities


You were on level 3 of the Dungeon.
You were not hungry.

You visited 1 branch of the dungeon, and saw 3 of its levels.

You collected 169 gold pieces.

Inventory:

Hand weapons
 a - a +0 trident (weapon)
Missiles
 d - 3 throwing nets (quivered)
Armour
 b - a +0 leather armour (worn)
 c - a +0 helmet (worn)
 r - a +1 cloak of magic resistance (worn)
 v - a cursed +0 pair of boots (worn)
Jewellery
 k - a ring of protection from cold (left hand)
 o - an amulet of regeneration (around neck)
Magical devices
 q - a wand of hasting (6)
Scrolls
 f - a scroll of enchant armour {unknown}
 m - a scroll of magic mapping {unknown}
 n - a scroll of identify {unknown}
 w - a scroll of enchant weapon {unknown}
Potions
 h - a potion of haste {unknown}
 p - a potion of heal wounds {unknown}
 s - a potion of cure mutation {unknown}
 t - a potion of poison {unknown}
Books
 u - a book of the Warp

   Spells                             Type                      Level
   a - Recall                         Summoning/Translocation      3
   b - Gell's Gravitas                Hexes/Translocation          3
   c - Force Lance                    Conjuration/Translocation    4
   d - Phase Shift                    Translocation                5
   e - Warp Weapon                    Charms/Translocation         5
   f - Summon Forest                  Summoning/Translocation      5
Comestibles
 e - 3 bread rations
 i - a meat ration
 l - a slice of pizza


   Skills:
 - Level 2.1(1.9) Fighting
 + Level 7.9(7.6) Polearms
 - Level 2.0(1.7) Throwing
 - Level 4.0(3.7) Dodging


You had 3 spell levels left.
You didn't know any spells.

Dungeon Overview and Level Annotations

Branches:
Dungeon (3/15)

Altars:
Dithmenos
The Shining One

Annotations:
D:3 urechis's ghost, average MfGl


Message History

The orc wizard hits you but does no damage.
The orc wizard hits you with a dagger.
* * * LOW HITPOINT WARNING * * *
You feel yourself speed up.
The orc wizard hits you but does no damage.
The orc wizard casts a spell.
The orc wizard blinks!
The orc wizard closely misses you.
The orc wizard points at you and mumbles some strange words.
You resist with almost no effort. The orc wizard completely misses you.
Found 5 gold pieces and 21 arrows.
The orc wizard is no longer moving quickly.
Found a stone staircase leading up.
The orc wizard casts a spell at you. The magic dart hits you!
* * * LOW HITPOINT WARNING * * *
The orc wizard points at you and mumbles some strange words.
The magic dart hits you!
You die...

..?.....#.....#.##o######
.........#.###.#o##.#
.###.##..#.###.#.##.#
........##.# ........o..#
#.###o#o#### #. #.#.#
.##.##.###W#o######
.......@..oo.....$(.
.##<################


You could see an orc wizard, urechis's ghost and 2 orcs.

Vanquished Creatures
  Crazy Yiuf (D:2)
  An adder (D:2)
  2 oozes
  2 worms
  A giant gecko (D:3)
  An orc (D:3)
  3 ball pythons
  3 giant cockroaches (D:2)
  7 goblins
  4 hobgoblins
  12 jackals
  5 kobolds
  3 bats
  6 giant newts
  4 rats
55 creatures vanquished.

Notes
Turn   | Place    | Note
--------------------------------------------------------------
     0 | D:1      | urechis the Merfolk Gladiator began the quest for the Orb.
     0 | D:1      | Reached XP level 1. HP: 16/16 MP: 1/1
   189 | D:1      | Reached skill level 5 in Polearms
   258 | D:1      | Reached XP level 2. HP: 19/22 MP: 2/2
   666 | D:2      | Reached skill level 6 in Polearms
   666 | D:2      | Reached XP level 3. HP: 9/27 MP: 3/3
  1087 | D:2      | Found a glowing golden altar of the Shining One.
  1115 | D:2      | Found a shadowy altar of Dithmenos.
  1154 | D:2      | Reached XP level 4. HP: 31/33 MP: 4/4
  1217 | D:2      | Reached skill level 7 in Polearms
  1384 | D:2      | Noticed Crazy Yiuf
  1398 | D:2      | Killed Crazy Yiuf
  1593 | D:3      | Noticed urechis's ghost (average MfGl)
  2030 | D:3      | Killed from afar by an orc wizard

Vault maps used:
D:1:      tarquinn_simple_flora_water_c
D:2:      overflow_temple_1_default, nicolae_overflow_crystal_walls,
          uniq_crazy_yiuf_cottage
D:3:      uniq_iyjb

Action                   |  1- 3 |  4- 6 || total
-------------------------+-------+-------++-------
Melee: Trident           |   129 |    95 ||   224
  Use: Potion            |     1 |     1 ||     2
 Stab: Sleeping          |     1 |     1 ||     2
  Eat: Chunk             |       |     2 ||     2
       Royal jelly       |       |     1 ||     1
